 Dungeon Crawl Stone Soup version 0.23.2-1-ga50397a (webtiles) character file.

Game seed: 1897768558927510653

1514 kae the Transmogrifier (level 8, 0/54 HPs)
             Began as a Demonspawn Transmuter on Apr 14, 2019.
             Killed from afar by an orc wizard (6 damage)
             ... with a puff of flame
             ... on level 5 of the Dungeon.
             The game lasted 00:05:44 (5385 turns).

kae the Transmogrifier (Demonspawn Transmuter)      Turns: 5385, Time: 00:05:45

Health: 0/54       AC:  2    Str: 11    XL:     8   Next: 53%
Magic:  9/11       EV: 19    Int: 14    God:
Gold:   295        SH:  0    Dex: 21    Spells: 5/11 levels left

rFire    . . .     SeeInvis .     - Unarmed
rCold    . . .     Gourm    .   (shield currently unavailable)
rNeg     . . .     Faith    .   (armour currently unavailable)
rPois    .         Spirit   .   (helmet currently unavailable)
rElec    .         Reflect  .   (cloak currently unavailable)
rCorr    .         Harm     .   (gloves currently unavailable)
MR       .....                  (boots currently unavailable)
Stlth    ++........             (no amulet)
HPRegen  0.18/turn              h - ring of poison resistance
MPRegen  0.12/turn              (no ring)

@: spider-form
A: tiny, foul stench 1, rot immunity
a: End Transformation


You were on level 5 of the Dungeon.
You were not hungry.
You were a venomous arachnid creature.
You visited 2 branches of the dungeon, and saw 6 of its levels.

You collected 295 gold pieces.

Inventory:

Missiles
 a - 70 arrows
Armour
 b - a +1 robe (melded)
Jewellery
 h - a ring of poison resistance (left front leg)
Wands
 m - a wand of polymorph (4)
Scrolls
 e - a scroll of identify
 g - a scroll of remove curse
 j - a scroll of blinking
 k - 2 scrolls of teleportation
 n - 5 scrolls of enchant weapon
Potions
 c - 2 potions of curing
 i - 2 potions of flight
 l - a potion of magic
 o - 3 potions of might
 q - a potion of heal wounds
Comestibles
 d - 7 rations


   Skills:
 - Level 1.0 Fighting
 - Level 1.7 Dodging
 - Level 2.6 Unarmed Combat
 - Level 2.0 Spellcasting
 + Level 10.0 Transmutations


You had 5 spell levels left.
You knew the following spells:

 Your Spells              Type           Power        Failure   Level  Hunger
a - Beastly Appendage     Tmut           ####..       3%          1    ##.....
b - Sticks to Snakes      Tmut           ####....     3%          2    ###....
c - Spider Form           Tmut/Pois      ###.......   22%         3    ####...

Your spell library contained the following spells:

 Spells                   Type           Power        Failure   Level  Hunger
 Blade Hands              Tmut           ####......   26%         5    ######.
 Ice Form                 Ice/Tmut       ###.....     52%         4    #####..


Dungeon Overview and Level Annotations

Branches:
Dungeon (5/15)             Temple (1/1) D:4

Altars:
Ashenzari
Cheibriados
Elyvilon
Fedhas
Gozag
Kikubaaqudgha
Nemelex Xobeh
Okawaru
Qazlal
Sif Muna
Trog
Uskayaw
Vehumet
Xom
Yredelemnul
The Shining One


Innate Abilities, Weirdness & Mutations

((You have very sharp fingernails.))
((You have a pair of small horns on your head.))
((You have sharp toenails.))
You may emit foul miasma when damaged in melee.
You are immune to rotting.


Message History

The magic dart hits you.
* * * LOW HITPOINT WARNING * * *
You hit the orc wizard but do no damage.
The orc wizard looks as sick as possible!
The orc wizard is heavily wounded.
The orc wizard completely misses you.
You hit the orc wizard but do no damage.
The orc wizard looks as sick as possible!
The orc wizard is severely wounded.
The orc wizard gestures wildly while chanting.
The orc wizard seems to speed up.
You hit the orc wizard but do no damage.
The orc wizard looks as sick as possible!
The orc wizard is severely wounded.
The orc wizard completely misses you.
You hit the orc wizard.
The orc wizard is almost dead.
The orc wizard points at you and mumbles some strange words.
The puff of flame hits you.
You die...

..[.......# ###.#...#.#
#. ###.#.....####.#
................<
................
..#.#...#.###..### #
................. ...
#.####..#.###..#####..###
........#.....oos.)......
#.###...#.#.#.)######.###
.)....................
#.###.....#.[.........
#.....###).######.
#...#.###..#####
#................
#...#..##..#####.
#...#.........


You could see an orc wizard and an orc.

Vanquished Creatures
  Pikel (D:4)
  Grinder (D:3)
  Sigmund (D:4)
  3 slaves (D:4)
  A centaur (D:5)
  A howler monkey (D:5)
  A crimson imp (D:5)
  3 hounds
  4 orc wizards
  An orc priest (D:4)
  An iguana (D:4)
  Natasha (D:4)
  Ijyb (D:4)
  2 worker ants
  5 gnolls
  A howler monkey skeleton (D:4)
  6 adders
  A shadow imp (D:4)
  2 oozes (D:1)
  3 worms
  3 dart slugs
  5 leopard geckos
  7 orcs
  2 goblins
  5 hobgoblins
  9 jackals
  2 quokkas
  2 bats
  9 frilled lizards
  5 kobolds
  A leopard gecko skeleton (D:4)
  2 rats (D:3)
92 creatures vanquished.

Vanquished Creatures (collateral kills)
  A dart slug (D:1)
  A hobgoblin (D:2)
  3 jackals (D:1)
  2 bats (D:1)
7 creatures vanquished.

Grand Total: 99 creatures vanquished

Notes
Turn   | Place    | Note
-------+----------+-------------------------------------------
     0 | D:1      | kae the Demonspawn Transmuter began the quest for the Orb.
     0 | D:1      | Reached XP level 1. HP: 15/15 MP: 3/3
    54 | D:1      | Reached skill level 2 in Transmutations
    62 | D:1      | Found a glowing golden altar of the Shining One.
   336 | D:1      | Gained mutation: You have sharp toenails. [demonic
                  | ancestry]
   336 | D:1      | Reached XP level 2. HP: 21/21 MP: 3/5
   358 | D:1      | Learned a level 2 spell: Sticks to Snakes
   769 | D:1      | Reached skill level 3 in Transmutations
  1067 | D:1      | Gained mutation: You have sharp fingernails. [demonic
                  | ancestry]
  1067 | D:1      | Reached XP level 3. HP: 23/26 MP: 6/6
  1072 | D:1      | Learned a level 3 spell: Spider Form
  1709 | D:2      | Reached skill level 4 in Transmutations
  1709 | D:2      | Gained mutation: You are immune to rotting. [demonic
                  | ancestry]
  1709 | D:2      | Reached XP level 4. HP: 31/32 MP: 7/7
  1777 | D:2      | Found a bloodstained altar of Trog.
  2836 | D:3      | Noticed Grinder
  2849 | D:3      | Killed Grinder
  2849 | D:3      | Reached skill level 6 in Transmutations
  2849 | D:3      | Gained mutation: You have very sharp fingernails. [demonic
                  | ancestry]
  2849 | D:3      | Reached XP level 5. HP: 36/37 MP: 1/8
  2849 | D:3      | Reached XP level 6. HP: 42/43 MP: 1/9
  3174 | D:4      | Noticed a slave
  3174 | D:4      | Noticed a slave
  3175 | D:4      | Noticed Pikel
  3176 | D:4      | Noticed a slave
  3359 | D:4      | Noticed Ijyb
  3370 | D:4      | Killed Ijyb
  3444 | D:4      | Killed a slave
  3543 | D:4      | Found a staircase to the Ecumenical Temple.
  3553 | Temple   | Entered the Ecumenical Temple
  3700 | D:4      | Noticed a slave
  3715 | D:4      | Killed a slave
  3949 | D:4      | Noticed Natasha
  3962 | D:4      | Killed Natasha
  3962 | D:4      | Reached skill level 7 in Transmutations
  4107 | D:4      | Gained mutation: You may emit foul miasma when damaged in
                  | melee. [demonic ancestry]
  4107 | D:4      | Reached XP level 7. HP: 48/48 MP: 6/10
  4543 | D:4      | Noticed Sigmund
  4576 | D:4      | Killed Sigmund
  4814 | D:4      | Killed Pikel
  4814 | D:4      | Reached skill level 9 in Transmutations
  4814 | D:4      | Gained mutation: You have a pair of small horns on your
                  | head. [demonic ancestry]
  4814 | D:4      | Reached XP level 8. HP: 20/54 MP: 6/11
  5140 | D:5      | Entered Level 5 of the Dungeon
  5368 | D:5      | Reached skill level 10 in Transmutations
  5385 | D:5      | Killed from afar by an orc wizard

Skill      XL: |  1  2  3  4  5  6  7  8 |
---------------+-------------------------+-----
Transmutations | 2 3 4 6 7 9 10 | 10.0
Fighting       | |  1.0
Dodging        | |  1.7
Unarmed Combat | |  2.6
Spellcasting   | |  2.0

Action                   |  1- 3 |  4- 6 |  7- 9 || total
-------------------------+-------+-------+-------++-------
Melee: Unarmed           |    91 |   155 |   141 ||   387
       Kick              |    13 |    17 |     2 ||    32
       Headbutt          |     6 |     2 |       ||     8
       Punch             |       |     1 |       ||     1
 Cast: Beastly Appendage |     9 |     5 |       ||    14
       Sticks to Snakes  |     7 |     2 |       ||     9
       Spider Form       |     2 |    13 |    11 ||    26
  Use: Scroll            |     2 |     2 |     8 ||    12
       Potion            |       |     2 |     2 ||     4
 Stab: Sleeping          |     1 |       |       ||     1
  Eat: Chunk             |     3 |     7 |     6 ||    16
       Ration            |       |     1 |       ||     1
Armor: Robe              |    26 |    11 |       ||    37
       Skin              |     1 |     1 |     6 ||     8
Dodge: Dodged            |    94 |    99 |   115 ||   308
